 Dungeon Crawl Stone Soup version 0.23.2-1-ga50397a (webtiles) character file.

Game seed: 16907328905603790810

781 xveg the Conjurer (level 7, -1/33 HPs)
             Began as a Vine Stalker Conjurer on May 7, 2019.
             Slain by a slave (4 damage)
             ... led by Pikel
             ... on level 4 of the Dungeon.
             The game lasted 00:41:04 (4439 turns).

xveg the Conjurer (Vine Stalker Conjurer)           Turns: 4439, Time: 00:41:05

Health: -1/33      AC:  4    Str: 10    XL:     7   Next: 85%
Magic:  0/15       EV: 10    Int: 17    God:
Gold:   183        SH:  6    Dex: 15    Spells: 5/16 levels left

rFire    . . .     SeeInvis .   v - +0 morningstar
rCold    . . .     Gourm    .   y - +0 shield
rNeg     . . .     Faith    .   a - +0 robe
rPois    .         Spirit   +   (no helmet)
rElec    .         Reflect  .   C - +0 cloak
rCorr    .         Harm     .   k - +0 pair of gloves
MR       +....                  (no boots)
Stlth    ++........             (no amulet)
HPRegen  0.51/turn              p - ring of protection from magic
MPRegen  0.14/turn              (no ring)

@: infused (expiring)
A: fangs 2, regeneration 1, magic shield, antimagic bite, no potion heal 3, rot
immunity
a: no special abilities


You were on level 4 of the Dungeon.
You were not hungry.

You visited 1 branch of the dungeon, and saw 5 of its levels.

You collected 183 gold pieces.

Inventory:

Hand Weapons
 b - a +0 mace
 g - a +0 hunting sling
 l - a +0 hunting sling
 v - a +0 morningstar (weapon)
Missiles
 d - 21 sling bullets
 i - 44 stones (quivered)
 o - 4 needles of sleeping
 x - 2 throwing nets
Armour
 a - a +0 robe (worn)
 k - a +0 pair of gloves (worn)
 y - a +0 shield (worn)
 C - a +0 cloak (worn)
Jewellery
 p - a ring of protection from magic (left hand)
Scrolls
 f - 2 scrolls of immolation {unknown}
 h - 2 scrolls of identify {unknown}
 j - 2 scrolls of magic mapping {unknown}
 q - 4 scrolls of fear {unknown}
 r - a scroll of teleportation {unknown}
 t - 2 scrolls of remove curse
 w - 2 scrolls of enchant armour {unknown}
Potions
 e - a potion of curing
 m - a potion of agility {unknown}
 n - a potion of flight {unknown}
 s - a potion of heal wounds {unknown}
 u - a potion of berserk rage {unknown}
 z - a potion of haste {unknown}
 A - a potion of degeneration {unknown}
 B - a potion of ambrosia {unknown}
Comestibles
 c - 2 rations


   Skills:
 + Level 1.0 Fighting
 + Level 2.5 Maces & Flails
 + Level 1.8(1.9) Slings
 + Level 0.6(1.3) Throwing
 + Level 2.1 Dodging
 + Level 3.2 Stealth
 + Level 0.1 Shields
 * Level 5.0 Spellcasting
 * Level 6.3 Conjurations
 + Level 0.2 Charms


You had 5 spell levels left.
You knew the following spells:

 Your Spells              Type           Power        Failure   Level  Hunger
a - Magic Dart            Conj           ####         7%          1    None
b - Iskenderun's Mystic   Conj           ####....     56%         4    ####...
c - Searing Ray           Conj           ####..       11%         2    #......
d - Spectral Weapon       Hex/Chrm       #.......     95%         3    ###....
e - Infusion              Chrm           #...         65%         1    None

Your spell library contained the following spells:

 Spells                   Type           Power        Failure   Level  Hunger
 Dazzling Spray           Conj/Hex       ###...       61%         3    ###....
 Shroud of Golubria       Chrm/Tloc      #.........   80%         2    #......
 Song of Slaying          Chrm           #.......     80%         2    #......
 Regeneration             Chrm/Necr      #.........   95%         3    ###....
 Force Lance              Conj/Tloc      ###.....     95%         4    ####...
 Fulminant Prism          Conj/Hex       ###.......   95%         4    ####...


Dungeon Overview and Level Annotations

Branches:
Dungeon (5/15)
 Temple: D:4-7

Altars:
Xom

Annotations:
D:4 Pikel


Innate Abilities, Weirdness & Mutations

You have extremely sharp teeth.
Your natural rate of healing is unusually fast.
When hurt, damage is shared between your health and your magic reserves.
Your bite disrupts and absorbs the magic of your enemies.
Potions cannot restore your health.
You are immune to rotting.


Message History

The slave hits you. The hound skeleton closely misses you.
You block the slave's attack. You block Pikel's attack.
The hound skeleton bites you.
There is a stone staircase leading up here.
You hit the hound skeleton. You bite the hound skeleton. You drain its power.
You feel invigorated.
The hound skeleton is heavily damaged.
The hound skeleton closely misses you. The slave barely misses you.
Pikel hits you with a +1 whip of electrocution!
You are electrocuted!
The slave barely misses you. The hound skeleton bites you. The slave hits you!
* * * LOW HITPOINT WARNING * * *
You block Pikel's attack. The slave hits you.
* * * LOW HITPOINT WARNING * * *
The hound skeleton closely misses you. The slave closely misses you.
You climb upwards.
There is a stone staircase leading down here.
Your magical infusion is running out.
The slave hits you.
You die...

#.# #.# #.# #.# ######## # #.#
#)# #......# # #.#
#.######......#### #####.#
#..........)..'..' #####
#.....###..#####......#### #...#
#..........# ###########
#...###.....###pp##########.....
#...'..........@>K........+.....
#...###.....####p#######.##.....
#..............#.##....#.##.....
#....#####.......#...#.#.##.####
#...<#.........###...#.#.##.# #
##..............###...#.#.##.# #
#.......###[###.......#.#.##.####
#......<......#..##.#.#....#.....
#.............#..##(#........####


You could see Pikel and 3 slaves.

Vanquished Creatures
  A sky beast (D:5)
  A slave (D:5)
  An ogre (D:4)
  The ghost of Statics the Insei, an amateur DsMo of Cheibriados (D:3)
  2 crimson imps
  A centaur zombie (D:5)
  2 hounds (D:5)
  2 worker ants (D:4)
  8 adders
  5 gnolls
  2 oozes
  2 adder skeletons (D:4)
  2 worms
  2 dart slugs
  4 leopard geckos
  7 orcs
  6 bats
  6 giant cockroaches
  5 goblins
  7 hobgoblins
  9 jackals
  8 kobolds
  3 quokkas (D:3)
  A ball python (D:4)
  6 frilled lizards
  A quokka zombie (D:5)
  4 rats
99 creatures vanquished.

Vanquished Creatures (others)
  5 dream sheep (D:3)
5 creatures vanquished.

Grand Total: 104 creatures vanquished

Notes
Turn   | Place    | Note
-------+----------+-------------------------------------------
     0 | D:1      | xveg the Vine Stalker Conjurer began the quest for the Orb.
     0 | D:1      | Reached XP level 1. HP: 9/9 MP: 4/4
   103 | D:1      | Reached XP level 2. HP: 5/13 MP: 0/6
   375 | D:1      | Reached XP level 3. HP: 2/16 MP: 5/7
  1106 | D:2      | Reached skill level 1 in Maces & Flails
  1106 | D:2      | Reached skill level 5 in Conjurations
  1106 | D:2      | Gained mutation: Your natural rate of healing is unusually
                  | fast. [Vine Stalker growth]
  1106 | D:2      | Reached XP level 4. HP: 21/21 MP: 3/8
  1726 | D:3      | Noticed a dream sheep
  1726 | D:3      | Noticed a dream sheep
  1726 | D:3      | Noticed a dream sheep
  1726 | D:3      | Noticed a dream sheep
  1726 | D:3      | Noticed a dream sheep
  1726 | D:3      | Found a shimmering altar of Xom.
  1731 | D:3      | Killed a dream sheep
  1731 | D:3      | Killed a dream sheep
  1731 | D:3      | Killed a dream sheep
  1731 | D:3      | Reached XP level 5. HP: 25/25 MP: 0/10
  1732 | D:3      | Killed a dream sheep
  1732 | D:3      | Killed a dream sheep
  1904 | D:3      | Reached skill level 1 in Slings
  2327 | D:3      | Reached XP level 6. HP: 29/29 MP: 7/12
  2447 | D:3      | Found a runed translucent door.
  2449 | D:3      | Noticed Statics's ghost (amateur DsMo)
  2461 | D:3      | Killed Statics's ghost
  2789 | D:4      | Learned a level 4 spell: Iskenderun's Mystic Blast
  2793 | D:4      | Learned a level 2 spell: Searing Ray
  3137 | D:4      | Reached XP level 7. HP: 32/32 MP: 7/14
  3441 | D:4      | Reached skill level 6 in Conjurations
  3794 | D:5      | Entered Level 5 of the Dungeon
  3864 | D:5      | Learned a level 3 spell: Spectral Weapon
  3866 | D:5      | Learned a level 1 spell: Infusion
  4172 | D:5      | Reached skill level 1 in Fighting
  4184 | D:5      | Reached skill level 5 in Spellcasting
  4271 | D:5      | Noticed Pikel
  4439 | D:4      | Slain by a slave

Skill      XL: |  1  2  3  4  5  6  7 |
---------------+----------------------+-----
Maces & Flails | 1 2 |  2.5
Conjurations   | 5 6 |  6.3
Spellcasting   | 3 4 5 |  5.0
Slings         | 1 |  1.8
Dodging        | 2 |  2.1
Stealth        | 3 |  3.2
Fighting       | 1 |  1.0
Throwing       | |  0.6
Shields        | |  0.1
Charms         | |  0.2

Action                   |  1- 3 |  4- 6 |  7- 9 || total
-------------------------+-------+-------+-------++-------
Melee: Mace              |    34 |     1 |       ||    35
       Bite              |     5 |     5 |     9 ||    19
       Morningstar       |       |    22 |    22 ||    44
 Fire: Hunting sling     |       |    27 |       ||    27
Throw: Stone             |       |    12 |       ||    12
 Cast: Magic Dart        |    52 |   135 |    65 ||   252
       Searing Ray       |       |       |     4 ||     4
       Infusion          |       |       |     3 ||     3
  Use: Scroll            |     3 |       |       ||     3
       Potion            |       |     1 |       ||     1
  Eat: Chunk             |       |     6 |       ||     6
       Ration            |       |     1 |     1 ||     2
Armor: Robe              |     9 |    13 |     8 ||    30
Dodge: Dodged            |    27 |    48 |    28 ||   103
Block: Shield            |       |       |    10 ||    10
